 Dungeon Crawl Stone Soup version 0.20-a0-876-g2c7b0bf (webtiles) character file.

81 4thArraOfDagon the Slasher (level 4, 0/33 HPs)
             Began as a Demigod Wanderer on Mar 15, 2017.
             Slain by a crimson imp (2 damage)
             ... on level 5 of the Dungeon.
             The game lasted 00:02:27 (703 turns).

4thArraOfDagon the Slasher (Demigod Wanderer)        Turns: 703, Time: 00:02:27

Health: 0/33       AC:  2    Str: 18    XL:     4   Next: 0%
Magic:  9/9        EV: 11    Int: 14    God:
Gold:   54         SH:  0    Dex: 16    Spells: 6/6 levels left

rFire    . . .     SeeInvis .   c - +0 falchion
rCold    . . .     Gourm    .   d - +0 robe
rNeg     . . .     Faith    .   (no shield)
rPois    .         Spirit   .   (no helmet)
rElec    .         Reflect  .   (no cloak)
rCorr    .         Harm     .   (no gloves)
MR       .....                  (no boots)
Stlth    +.........             (no amulet)
Regen    0.2/turn               (no ring)
MPRegen  0.2/turn               (no ring)

@: no status effects
A: high mp 1
a: no special abilities


You were on level 5 of the Dungeon.
You were not hungry.

You visited 1 branch of the dungeon, and saw 5 of its levels.

You collected 54 gold pieces.

Inventory:

Hand Weapons
 c - a +0 falchion (weapon)
Armour
 d - a +0 robe (worn)
Scrolls
 e - a scroll of magic mapping
 g - a scroll of remove curse
Books
 a - a book of Necromancy

   Spells                             Type                      Level
   a - Pain                           Necromancy                   1
   b - Animate Skeleton               Necromancy                   1
   c - Vampiric Draining              Necromancy                   3
   d - Regeneration                   Charms/Necromancy            3
   e - Animate Dead                   Necromancy                   4
   f - Control Undead                 Necromancy                   4
 b - Sif Muna's Papyrus of Creation

   Spells                             Type                      Level
   a - Summon Small Mammal            Summoning                    1
   b - Call Canine Familiar           Summoning                    3
Comestibles
 f - a bread ration
 i - 2 meat rations
 j - a royal jelly


   Skills:
 * Level 4.0 Long Blades
 + Level 2.8 Throwing
 - Level 1.7 Spellcasting
   Level 1.0 Charms
   Level 1.7 Necromancy


You had 6 spell levels left.
You didn't know any spells.

Dungeon Overview and Level Annotations

Branches:
Dungeon (5/15)
 Temple: D:4-7

Shops:
D:5 %

Annotations:
D:3 4thArraOfDagon's ghost, weakling DgWn; Terence


Innate Abilities, Weirdness & Mutations

You have an increased reservoir of magic. (+10% MP)


Message History

The howler monkey is almost dead.
The howler monkey hits you.
* * * LOW HITPOINT WARNING * * *
You hit the howler monkey.
You kill the howler monkey!
Your Long Blades skill increases to level 4!
You have reached level 4!
You see here a howler monkey corpse.
A crimson imp comes into view.
The crimson imp shouts!
Unknown command.
You miss the crimson imp. The crimson imp hits you.
* * * LOW HITPOINT WARNING * * *
Unknown command.
You hit the crimson imp but do no damage.
The crimson imp misses you.
Unknown command.
You hit the crimson imp but do no damage.
The crimson imp hits you.
You die...

... ...
h.
###.#...#
#..∩...#
##.#
####<.#
##...###
#.5###
#@## #†#
#.# #.#
#.# ..#
.## .# .


You could see a crimson imp.

Vanquished Creatures
  A howler monkey (D:5)
  An adder (D:3)
  An ooze (D:4)
  2 dart slugs
  2 bats (D:3)
  3 giant cockroaches
  A goblin (D:2)
  4 hobgoblins
  2 jackals (D:4)
  A ball python (D:4)
  2 kobolds (D:3)
  A quokka skeleton (D:4)
  5 rats
26 creatures vanquished.

Notes
Turn   | Place    | Note
-------+----------+-------------------------------------------
     0 | D:1      | 4thArraOfDagon the Demigod Wanderer began the quest for the Orb.
     0 | D:1      | 4thArraOfDagon set off with: a book of Necromancy, Sif Muna's Papyrus of Creation, a +0 falchion, a +0 robe, a bread ration
     0 | D:1      | Reached XP level 1. HP: 14/14 MP: 5/5
   207 | D:3      | Noticed Terence
   254 | D:2      | Reached skill level 3 in Long Blades
   254 | D:2      | Reached XP level 2. HP: 20/20 MP: 7/7
   412 | D:3      | Found a snail-covered altar of Cheibriados.
   541 | D:3      | Noticed 4thArraOfDagon's ghost (weakling DgWn)
   547 | D:3      | HP: 1/20 [adder (2)]
   564 | D:4      | Reached XP level 3. HP: 12/26 MP: 8/8
   680 | D:5      | Entered Level 5 of the Dungeon
   680 | D:5      | Found Roant's Food Shoppe.
   697 | D:5      | Reached skill level 4 in Long Blades
   697 | D:5      | Reached XP level 4. HP: 2/33 MP: 9/9
   703 | D:5      | Slain by a crimson imp

Vault maps used:
D:1:      dpeg_arrival_morbid_curiosity
D:2:      first_bread
D:3:      kb_forest_paths, kennysheep_slug_shrine, bh_walls_and_bars,
          uniq_terence
D:5:      portal_sewer_entry_d, serial_shops, nicolae_shop_crystal

Skill      XL: |  1  2  3 |
---------------+----------+-----
Throwing       | 2 |  2.8
Long Blades    | 3 4 |  4.0
Spellcasting   | |  1.7
Charms         | |  1.0
Necromancy     | |  1.7

Action                   |  1- 3 |  4- 6 || total
-------------------------+-------+-------++-------
Melee: Falchion          |    70 |     3 ||    73
  Use: Potion            |     3 |       ||     3
       Scroll            |     5 |       ||     5
 Stab: Sleeping          |     2 |       ||     2
Armor: Robe              |     7 |       ||     7
Dodge: Dodged            |    51 |     1 ||    52
       Rpst.: Falchion   |    18 |       ||    18
